 Dungeon Crawl Stone Soup version 0.27-a0-695-gb4952372f7 (webtiles) character file.

Game seed: 478001345178108358

12058 Ijustatesigmund the Cleaver (level 11, -6/89 HPs)
             Began as a Demonspawn Fighter on Mar 22, 2021.
             Was a Priest of Cheibriados.
             Mangled by a seven-headed hydra (8 damage)
             ... on level 12 of the Dungeon.
             The game lasted 00:34:12 (14045 turns).

Ijustatesigmund the Cleaver (Demonspawn Fighter)   Turns: 14045, Time: 00:34:14

Health: -6/89      AC: 24    Str: 35    XL:     11   Next: 57%
Magic:  15/26      EV: 10    Int: 17    God:    Cheibriados [***...]
Gold:   98         SH: 12    Dex: 21    Spells: 10/10 levels left

rFire    . . .     SeeInvis .   a - +0 broad axe (vorpal)
rCold    . . .     Faith    .   c - +0 kite shield
rNeg     + + .     Spirit   .   b - +5 chain mail of a sewer {rN++ rCorr Int-3 Stlth+}
rPois    .         Reflect  .   (helmet restricted)
rElec    .         Harm     .   y - +0 cloak
rCorr    +         Rampage  .   q - +2 pair of gloves of the Kraken {Str+10}
Will     +....     Clarity  +   e - +1 pair of boots
Stlth    ..........             (no amulet)
HPRegen  0.24/turn              s - ring of magical power
MPRegen  0.20/turn              (no ring)

@: very slow
A: horns 1, slimy green scales 1, ignite blood 1, demonic magic 2, clarity,
strong-willed 1, wild magic 1
a: Renounce Religion, Bend Time, Temporal Distortion


You were on level 12 of the Dungeon.
You worshipped Cheibriados.
Cheibriados was most pleased with you.
You visited 2 branches of the dungeon, and saw 13 of its levels.

You collected 522 gold pieces.
You spent 424 gold pieces at shops.

Inventory:

Hand Weapons
 a - a +0 vorpal broad axe (weapon)
 m - the +8 spear of the Wizarding Saviour {flame, rC++}
   (You found it on level 8 of the Dungeon)

   It has been specially enchanted to burn those struck by it, causing extra
   injury to most foes and up to half again as much damage against particularly
   susceptible opponents.
   It greatly protects you from cold.
 w - a +0 flail of protection
 A - a +1 war axe of freezing
Missiles
 j - 23 poisoned darts (quivered)
Armour
 b - the +5 chain mail of a sewer (worn) {rN++ rCorr Int-3 Stlth+}
   (You found it on level 4 of the Dungeon)

   It affects your intelligence (-3).
   It greatly protects you from negative energy.
   It provides partial protection from all sources of acid and corrosion.
   It makes you more stealthy.
 c - a +0 kite shield (worn)
 e - a +1 pair of boots (worn)
 f - a +1 helmet
 q - the +2 pair of gloves of the Kraken (worn) {Str+10}
   (You bought it in a shop on level 8 of the Dungeon)

   It affects your strength (+10).
 y - a +0 cloak (worn)
Jewellery
 s - a ring of magical power (right hand)
Wands
 h - a wand of mindburst (7)
 i - a wand of paralysis (10)
 o - a wand of flame (11)
Scrolls
 l - a scroll of magic mapping
 n - 4 scrolls of teleportation
 u - 5 scrolls of identify
Potions
 d - 4 potions of mutation
 g - 4 potions of brilliance
 k - 4 potions of curing
 p - a potion of flight
 r - 2 potions of cancellation
 t - 4 potions of attraction
 v - a potion of magic


   Skills:
 + Level 9.2 Fighting
 - Level 9.7 Axes
 - Level 7.8 Armour
 - Level 4.9 Dodging
 - Level 5.4 Shields
 + Level 8.1 Invocations
 - Level 2.0 Evocations


You had 10 spell levels left.
You didn't know any spells.
Your spell library contained the following spells:

 Spells                   Type           Power      Damage    Failure   Level
 Sting                    Tmut/Pois      0%         1d3       98%         1
 Summon Small Mammal      Summ           0%         N/A       98%         1
 Call Imp                 Summ           0%         N/A       99%         2
 Poisonous Vapours        Pois/Air       0%         N/A       99%         2
 Call Canine Familiar     Summ           0%         N/A       100%        3
 Ignite Poison            Fire/Tmut/Pois 0%         N/A       100%        3
 Mephitic Cloud           Conj/Pois/Air  0%         N/A       100%        3
 Summon Guardian Golem    Hex/Summ       0%         N/A       100%        3
 Olgreb's Toxic Radiance  Pois           0%         N/A       100%        4
 Summon Ice Beast         Ice/Summ       0%         N/A       100%        4
 Summon Lightning Spire   Summ/Air       0%         N/A       100%        4


Dungeon Overview and Level Annotations

Branches:
Dungeon (12/15)            Temple (1/1) D:7            Lair (0/6) D:8
    Orc (0/2) D:12

Altars:
Cheibriados
Dithmenos
Elyvilon
Fedhas
Gozag
Hepliaklqana
Kikubaaqudgha
Nemelex Xobeh
Okawaru
Qazlal
Ru
Sif Muna
Trog
Vehumet
Wu Jian
Xom
Yredelemnul
Zin

Shops:
D:7 *   D:8 [*   D:10 !

Portals:
Bailey: D:12

Annotations:
D:9 2 transporters, exclusion: orange crystal statue


Innate Abilities, Weirdness & Mutations

You have a pair of small horns on your head.
You are partially covered in slimy green scales. (AC +2)
Your demonic aura sometimes causes spilled blood to erupt in flames Spells you cast may paralyse nearby enemies.
You possess an exceptional clarity of mind.
You are strong-willed. (Will+)
Your spells are a little harder to cast, but a little more powerful.


Message History

You destroy the wight!
Cheibriados thoroughly appreciates the change of pace.
You destroy the wight!
Cheibriados thoroughly appreciates the change of pace.
You kill the orc!
Cheibriados thoroughly appreciates the change of pace.
Cheibriados lowers the support of your attributes as your movement quickens.
The seven-headed hydra bites you!
* * * LOW HITPOINT WARNING * * *
The seven-headed hydra misses you.
The seven-headed hydra bites you but does no damage.
You block the seven-headed hydra's attack.
The seven-headed hydra bites you but does no damage.
The seven-headed hydra bites you.
* * * LOW HITPOINT WARNING * * *
The seven-headed hydra completely misses you.
Your life force feels restored.
Your Invocations skill increases to level 8!
You can feel time thicken for a moment.
You kill the orc warrior!
Cheibriados appreciates the change of pace.
You can no longer inflict damage on those overly hasty.
Cheibriados lowers the support of your attributes as your movement quickens.
You block the seven-headed hydra's attack.
The seven-headed hydra bites you but does no damage.
You block the seven-headed hydra's attack. x2
The seven-headed hydra bites you but does no damage. x2
You block the seven-headed hydra's attack.
Aiming: Paralyse
Press: ? - help, Shift-Dir - straight line, f - seven-headed hydra
Aim: a seven-headed hydra (heavily wounded, chance to affect: 19%)
Okay, then.
Aiming: Mindburst
Press: ? - help, Shift-Dir - straight line, f - seven-headed hydra
Aim: a seven-headed hydra (heavily wounded, chance to affect: 40%)
The seven-headed hydra resists with some effort.
You block the seven-headed hydra's attack. x2
The seven-headed hydra closely misses you.
The seven-headed hydra bites you!
You die...

**** ** ,,,* #, **,*
****############### #. *,*
*,,,#.............# #.
**,****,,,#.............# *.
,,,*,,,,,.#.....).......#########
,,,,,,,,,.......)))......†...$...
,,,,,**,,,#...).@).........#.....
*******,,,#..)∩).D.........#.##..
*,,,#...).)..[.......#.#...
*******,,,#..............#.#.#...
,,,,,**,,,#..............#..o#...
,,>,,**,,................(...#...
,,,,,**,,.#........h.........#.#.
,,,,,*****#...............#.,,,,.
,,,,,* *,,,,,,,,,,^,,,,*,**,,.


You could see a seven-headed hydra and a hog.

Vanquished Creatures
  A boulder beetle (D:9)
  A hydra (D:11)
  2 two-headed ogres
  2 cyclopes
  Maggie (D:6)
  3 trolls
  Prince Ribbit (D:6)
  Sigmund (D:4)
  16 yaks
  Eustachio (D:6)
  A basilisk (D:11)
  An acid dragon (D:12)
  A water moccasin (D:9)
  Duvessa (D:6)
  4 orc warriors
  3 ice beasts
  2 sky beasts
  6 ogres
  A necrophage (D:12)
  4 centaurs
  A phantom (D:10)
  2 kobold brigands
  3 bullfrogs
  Dowan (D:6)
  3 scorpions
  7 wights
  7 killer bees (D:8)
  2 howler monkeys
  4 quasits
  A bullfrog zombie (D:6)
  2 jellies
  2 gnoll shamans
  2 orc priests
  A hound (D:8)
  3 centaur skeletons
  Jessica (D:3)
  5 orc wizards
  2 iguanas (D:9)
  Natasha (twice) (D:3)
  13 worker ants
  A hound zombie (D:7)
  A hound skeleton (D:10)
  A mummy (D:7)
  3 worker ant zombies
  11 gnolls
  6 adders
  2 shadow imps (D:5)
  An ufetubus (D:8)
  An ooze (D:1)
  An adder skeleton (D:8)
  An adder zombie (D:6)
  2 worms (D:3)
  4 leopard geckos
  27 orcs
  A giant cockroach (D:1)
  9 goblins
  11 hobgoblins
  4 jackals (D:1)
  20 kobolds
  9 quokkas
  2 bats (D:1)
  5 frilled lizards
  2 kobold zombies (D:7)
  2 orc zombies (D:7)
  8 rats
252 creatures vanquished.

Notes
Turn   | Place    | Note
-------+----------+-------------------------------------------
     0 | D:1      | Ijustatesigmund the Demonspawn Fighter began the quest for
                  | the Orb.
     0 | D:1      | Reached XP level 1. HP: 18/18 MP: 1/1
   313 | D:1      | Gained mutation: Spells you cast may paralyse adjacent
                  | enemies. [demonic ancestry]
   313 | D:1      | Reached XP level 2. HP: 24/24 MP: 2/2
  1078 | D:1      | Reached skill level 1 in Dodging
  1180 | D:1      | Gained mutation: Your demonic aura sometimes causes spilled
                  | blood to erupt in flames [demonic ancestry]
  1180 | D:1      | Reached XP level 3. HP: 24/29 MP: 3/3
  1272 | D:1      | You fall into a shaft and drop 1 floor!
  1929 | D:2      | Found a faded altar of an unknown god.
  2674 | D:3      | Noticed Jessica
  2681 | D:3      | Killed Jessica
  2682 | D:3      | Reached XP level 4. HP: 27/35 MP: 4/4
  3228 | D:3      | Noticed Natasha
  3240 | D:3      | Gained mutation: Scrolls take you a little longer to read.
                  | [potion of mutation]
  3240 | D:3      | Gained mutation: Scrolls take you longer to read. [potion
                  | of mutation]
  3240 | D:3      | Gained mutation: You expend magic power (3 MP) to
                  | strengthen your wands. [potion of mutation]
  3240 | D:3      | Gained mutation: You possess an exceptional clarity of
                  | mind. [potion of mutation]
  3253 | D:3      | Killed Natasha
  3503 | D:3      | Lost mutation: You expend magic power (3 MP) to strengthen
                  | your wands. [potion of mutation]
  3503 | D:3      | Lost mutation: Scrolls take you longer to read. [potion of
                  | mutation]
  3503 | D:3      | Lost mutation: Scrolls take you a little longer to read.
                  | [potion of mutation]
  3503 | D:3      | Gained mutation: You are strong-willed. (Will+) [potion of
                  | mutation]
  3503 | D:3      | Gained mutation: Your spells are a little harder to cast,
                  | but a little more powerful. [potion of mutation]
  3882 | D:3      | Noticed Natasha
  3885 | D:3      | Killed Natasha
  3886 | D:3      | Reached XP level 5. HP: 42/42 MP: 5/5
  4152 | D:4      | Found a blossoming altar of Fedhas.
  4157 | D:4      | Found a hazy altar of Hepliaklqana.
  4158 | D:4      | Found a sparkling altar of Nemelex Xobeh.
  4159 | D:4      | Found a shadowy altar of Dithmenos.
  4223 | D:4      | Noticed Sigmund
  4233 | D:4      | Killed Sigmund
  4234 | D:4      | Gained mutation: Spells you cast may paralyse nearby
                  | enemies. [demonic ancestry]
  4234 | D:4      | Reached XP level 6. HP: 35/48 MP: 6/6
  4634 | D:4      | Identified the +5 chain mail of a sewer {rN++ rCorr Int-3
                  | Stlth+}
  4945 | D:5      | Entered Level 5 of the Dungeon
  5556 | D:5      | Reached skill level 5 in Axes
  5562 | D:5      | Gained mutation: You are partially covered in slimy green
                  | scales. (AC +2) [demonic ancestry]
  5562 | D:5      | Reached XP level 7. HP: 37/55 MP: 7/7
  5940 | D:6      | Identified the +0 pair of gloves "Lemif" {Rampage *Slow
                  | Int+9 SInv Stlth-}
  5972 | D:6      | Found an opulent altar of Gozag.
  6045 | D:6      | Noticed Eustachio
  6053 | D:6      | Reached skill level 5 in Fighting
  6064 | D:6      | Killed Eustachio
  6366 | D:6      | Noticed Maggie
  6378 | D:6      | Killed Maggie
  6379 | D:6      | Gained mutation: You have a pair of small horns on your
                  | head. [demonic ancestry]
  6379 | D:6      | Reached XP level 8. HP: 52/64 MP: 8/8
  6495 | D:6      | Noticed Prince Ribbit
  6503 | D:6      | Killed Prince Ribbit
  6572 | D:6      | Reached skill level 5 in Armour
  6734 | D:6      | Noticed Duvessa
  6734 | D:6      | Noticed Dowan
  6742 | D:6      | Killed Duvessa
  6743 | D:6      | Killed Dowan
  7619 | D:7      | Found Jinaipt's General Store.
  7641 | D:7      | Reached XP level 9. HP: 71/71 MP: 9/9
  7641 | D:7      | Bought a potion of curing for 33 gold pieces
  7641 | D:7      | Bought a scroll of teleportation for 33 gold pieces
  7800 | D:7      | Noticed a troll
  7814 | D:7      | Killed a troll
  8072 | D:7      | Noticed a cyclops
  8076 | D:7      | Found a radiant altar of Vehumet.
  8082 | D:7      | Killed a cyclops
  8779 | D:7      | Found a staircase to the Ecumenical Temple.
  8804 | Temple   | Entered the Ecumenical Temple
  8812 | Temple   | Became a worshipper of Cheibriados the Contemplative
  9199 | D:8      | Reached skill level 1 in Invocations
  9243 | D:8      | Found a staircase to the Lair.
  9680 | D:8      | Found Uloiraco's Mayhem Merchandise.
  9690 | D:8      | Bought a +0 broad axe for 52 gold pieces
 10029 | D:8      | Found Egyll's Antique Armour Boutique.
 10037 | D:8      | Bought a pair of spiked gloves for 256 gold pieces
 10037 | D:8      | Identified the +2 pair of gloves of the Kraken {Str+10}
                  | (You bought it in a shop on level 8 of the Dungeon)
 10234 | D:8      | Reached * piety under Cheibriados
 10399 | D:8      | Identified the +8 spear of the Wizarding Saviour {flame,
                  | rC++}
 10519 | D:9      | Reached XP level 10. HP: 74/79 MP: 12/12
 10646 | D:9      | Found a transporter.
 10648 | D:9      | Noticed a centaur warrior
 10650 | D:9      | Noticed a gargoyle
 10651 | D:9      | Noticed an orange crystal statue
 10668 | D:9      | Reached ** piety under Cheibriados
 10733 | D:9      | Found a transporter.
 10737 | D:9      | Noticed a boulder beetle
 11038 | D:9      | Identified the +5 scale mail of Azxia {rPois Will- Int+6}
 11193 | D:9      | Killed a boulder beetle
 11476 | D:9      | Found a shimmering blue altar of Sif Muna.
 11533 | D:9      | Reached skill level 5 in Invocations
 11784 | D:10     | Entered Level 10 of the Dungeon
 11917 | D:10     | Reached *** piety under Cheibriados
 12015 | D:10     | Found Neod's Distillery.
 12019 | D:10     | Bought a potion of heal wounds for 50 gold pieces
 12445 | D:10     | Found a sacrificial altar of Ru.
 12542 | D:11     | Noticed a cyclops
 12551 | D:11     | Killed a cyclops
 12552 | D:11     | Reached skill level 5 in Shields
 12552 | D:11     | Reached XP level 11. HP: 49/87 MP: 15/15
 12854 | D:11     | Noticed an eight-headed hydra
 12879 | D:11     | Reached **** piety under Cheibriados
 13064 | D:11     | Killed an eight-headed hydra
 13237 | D:11     | Noticed a two-headed ogre
 13241 | D:11     | Killed a two-headed ogre
 13395 | D:11     | Reached skill level 1 in Evocations
 13760 | D:11     | Identified the +5 plate armour of Ferocious Liberty {Dex+4}
 13875 | D:12     | Noticed a two-headed ogre
 13882 | D:12     | Killed a two-headed ogre
 14037 | D:12     | Found a flagged portal.
 14037 | D:12     | Noticed a seven-headed hydra
 14043 | D:12     | HP: 2/88 [seven-headed hydra (5)]
 14045 | D:12     | Mangled by a seven-headed hydra

Illustrated notes

Levels and vault maps discovered:
D:1:      erik_arrival_orb_chamber, layout_basic
D:2:      layout_loops_corners, chequers_ecumenical_altar_simple_redux
D:3:      layout_basic, gammafunk_temple_overflow_statue, eino_tiny_chamber,
          uniq_natasha, uniq_jessica
D:4:      layout_loops_ring, minitemple, minmay_goblin_kobold_house,
          uniq_sigmund
D:5:      layout_cave_pools
D:6:      layout_rooms, hex_intersection, grunt_ministairs_6,
          nicolae_gozag_seed_capital, uniq_eustachio, uniq_duvessa, uniq_maggie,
          uniq_prince_ribbit1
D:7:      layout_rooms, lemuel_coloured_pillars_altar,
          minmay_temple_entry_fiery, serial_shops, shop, minmay_mini_ossuary
D:8:      layout_basic, lair_entry_dummy, serial_shops, shop,
          minmay_shop_mayhem, eino_jars
D:9:      gammafunk_sealed_arena, layout_loops_ring, led_sif_book,
          nzn_sisyphean_effort
D:10:     layout_basic, serial_shops, kennysheep_mini_moat,
          nicolae_ru_path_of_blood
D:11:     layout_basic
D:12:     layout_basic, david_orc_3, enter_bailey_2, kennysheep_donut,
          minivault_24, uniq_kirke, uniq_rupert
Temple:   eino_temple_lava

Skill      XL: |  1  2  3  4  5  6  7  8  9 10 11 |
---------------+----------------------------------+-----
Axes           | 2 3 4 5 6 7 9 |  9.7
Dodging        | 1 2 3 4 |  4.9
Fighting       | 4 5 6 7 8 9 |  9.2
Armour         | 3 4 5 6 7 |  7.8
Shields        | 3 5 |  5.4
Invocations    | 2 5 8 |  8.1
Evocations     | 2 |  2.0

Action                   |  1- 3 |  4- 6 |  7- 9 | 10-12 || total
-------------------------+-------+-------+-------+-------++-------
Melee: War axe           |   109 |   111 |   261 |       ||   481
       Headbutt          |       |       |    50 |    76 ||   126
       Broad axe         |       |       |    67 |   217 ||   284
       Spear             |       |       |       |     6 ||     6
Throw: Dart              |       |    10 |    26 |     4 ||    40
Invok: Slouch            |       |       |       |     2 ||     2
       Bend Time         |       |       |       |     1 ||     1
Evoke: Wand              |       |     3 |     4 |    15 ||    22
  Use: Scroll            |     4 |    11 |     6 |     6 ||    27
       Potion            |       |     7 |     4 |     2 ||    13
 Stab: Paralysed         |       |     4 |     2 |     2 ||     8
Armor: Scale mail        |    53 |    22 |       |       ||    75
       Chain mail        |       |    36 |   240 |   170 ||   446
Dodge: Dodged            |    32 |    36 |   103 |   122 ||   293
Block: Kite shield       |    44 |    44 |   182 |   162 ||   432

Table legend: (Time is in decaauts)
 A = Elapsed time spent in this place.
 B = Non-inter-level travel time spent in this place.
 C = Inter-level travel time spent in this place.
 D = Time resting spent in this place.
 E = Time spent auto-exploring this place.
 F = Levels seen in this place.
 G = Mean time per level.
                   A        B        C        D        E       F      G
               +--------+--------+--------+--------+--------+-----+--------+
         Total |  15800 |  15489 |    311 |   4119 |   9168 |  13 | 1215.4 |
       Dungeon |  15781 |  15480 |    301 |   4119 |   9168 |  12 | 1315.1 |
        Temple |     18 |      9 |      9 |      0 |      0 |   1 |   18.0 |
               +--------+--------+--------+--------+--------+-----+--------+

Top non-repeatable levels by time:
    D:11: 1845 daAuts
     D:7: 1834 daAuts
     D:9: 1724 daAuts
     D:1: 1694 daAuts
     D:6: 1567 daAuts
     D:8: 1454 daAuts
     D:3: 1395 daAuts
    D:10: 1096 daAuts
     D:4: 1031 daAuts
     D:5: 1008 daAuts
     D:2: 915 daAuts
    D:12: 215 daAuts
  Temple: 18 daAuts
